 Dungeon Crawl Stone Soup version 0.31.0-32-g396128a36d (webtiles) character file.

Game seed: 2252550999698105888

455226 Gabide the Cryomancer (level 23, -10/209 HPs)
             Began as a White Draconian Conjurer on Apr 11, 2024.
             Was the Champion of Vehumet.
             Killed from afar by a red draconian scorcher (57 damage)
             ... with a bolt of fire
             ... on level 3 of the Abyss on Apr 12, 2024.
             The game lasted 03:36:37 (71268 turns).

Gabide the Cryomancer (White Draconian Conjurer)   Turns: 71268, Time: 03:36:38

Health: -10/209    AC: 21    Str: 13    XL:     23   Next: 26%
Magic:  5/57       EV: 17    Int: 40    God:    Vehumet [******]
Gold:   2840       SH:  0    Dex: 10    Spells: 10/64 levels left

rFire   x x .        b - +9 eveningstar (freeze)
rCold   + . .        t - orb {*channel}
rNeg    + . .        (body armour unavailable)
rPois   +            H - +2 hat
rElec   .            z - +1 cloak of Farfalle {rPois Str+4}
rCorr   .            C - +2 pair of gloves {infuse}
SInv    .            P - +2 pair of boots
Will    +....        B - amulet "Fyl Qoips" {Faith rC- rN+ Int+7}
Stlth   ++           r - ring of protection from cold
HPRegen 0.54/turn    I - ring of Tufarrav {MP+9 Int+5}
MPRegen 0.35/turn

%: faith, channel magic (20%), infuse magic (1 MP)
@: on vortex cooldown
A: breathe frost, AC +11, unfitting armour, cold resistance 1, cold-blooded,
stinger 1, weak 1, [heat vulnerability 2]
}: 2/15 runes: barnacled, gossamer
a: Breathe Frost, Renounce Religion


You were on level 3 of the Abyss.
You worshipped Vehumet.
Vehumet was exalted by your worship.
You visited 8 branches of the dungeon, and saw 38 of its levels.
You visited the Abyss 5 times.
You also visited: Bailey, Gauntlet, Ice Cave and Wizlab.

You collected 5525 gold pieces.
You spent 2685 gold pieces at shops.

Inventory:

Hand Weapons
 a - the +8 mace "Etwainegg" {heavy, *Noise rC- Int+10}
   (You found it on level 8 of the Dungeon)

   Int+10:    It affects your intelligence (+10).
   rC-:       It makes you vulnerable to cold.
   *Noise:    It may make a loud noise when swung.
 b - a +9 eveningstar of freezing (weapon)
 c - the +5 glaive of the Guard {elec, spectral}
   (You found it on level 3 of the Depths)
 x - the +5 glaive "Evitan" {elec, rElec rC++ rCorr Int-4}
   (You found it in a wizard's laboratory)

   Int-4:     It affects your intelligence (-4).
   rC++:      It greatly protects you from cold.
   rElec:     It insulates you from electricity.
   rCorr:     It protects you from acid and corrosion.
Missiles
 F - 10 curare-tipped darts
 X - 5 throwing nets
Armour
 t - an orb of energy (worn)
 z - the +1 cloak of Farfalle (worn) {rPois Str+4}
   (You bought it in a shop on level 5 of the Dungeon)

   Str+4:     It affects your strength (+4).
   rPois:     It protects you from poison
 C - a +2 pair of gloves of infusion (worn)
 H - a +2 hat (worn)
 P - a +2 pair of boots (worn)
Jewellery
 k - the ring "Zehicu Xoph" {Fly rF++ rCorr MP+9 Dex-5}
   (You bought it in a shop on level 2 of the Orcish Mines)

   [ring of flight]

   Dex-5:     It affects your dexterity (-5).
   rF++:      It greatly protects you from fire.
   MP+9:      It affects your magic capacity (+9).
   Fly:       It grants you flight.
   rCorr:     It protects you from acid and corrosion.
 p - a ring of willpower
 q - the ring of the Carved God {Fly Int+2 SInv}
   (You found it in a Gauntlet)

   [ring of flight]

   Int+2:     It affects your intelligence (+2).
   SInv:      It lets you see invisible.
   Fly:       It grants you flight.
 r - a ring of protection from cold (left hand)
 u - a ring of protection from fire
 B - the amulet "Fyl Qoips" (around neck) {Faith rC- rN+ Int+7}
   (You found it in a wizard's laboratory)

   [amulet of faith]

   Faith:     It allows you to gain divine favour quickly.
   Int+7:     It affects your intelligence (+7).
   rC-:       It makes you vulnerable to cold.
   rN+:       It protects you from negative energy.
 I - the ring of Tufarrav (right hand) {MP+9 Int+5}
   (You found it on level 4 of the Depths)

   [ring of magical power]

   Int+5:     It affects your intelligence (+5).
   MP+9:      It affects your magic capacity (+9).
 L - a ring of resist corrosion
 O - a ring of positive energy
 U - the ring "Ugiow" {Ice Will+ rCorr Int-2}
   (You found it in a Gauntlet)

   [ring of ice]

   Ice:       It enhances your ice magic.
   Int-2:     It affects your intelligence (-2).
   rF-:       It makes you vulnerable to fire.
   rC+:       It protects you from cold.
   Will+:     It increases your willpower.
   rCorr:     It protects you from acid and corrosion.
 W - the amulet of Ruemyaji {Reflect rElec SH+5}
   (You found it on level 5 of the Lair of Beasts)

   [amulet of reflection]

   Reflect:   It reflects blocked missile attacks.
   rElec:     It insulates you from electricity.
   SH+5:      It affects your SH (+5).
 Y - a ring of ice
Wands
 o - a wand of iceblast (41)
 K - a wand of digging (22)
 Z - a wand of quicksilver (23)
Scrolls
 j - 10 scrolls of immolation
 l - 5 scrolls of enchant armour
 n - 3 scrolls of blinking
 w - 3 scrolls of fear
 y - 2 scrolls of silence
 D - 3 scrolls of revelation
 J - 7 scrolls of fog
 T - 4 scrolls of teleportation
Potions
 d - a potion of magic
 e - 19 potions of curing
 g - 10 potions of lignification
 h - 14 potions of mutation
 i - 4 potions of heal wounds
 m - 3 potions of berserk rage
 v - 10 potions of attraction
 A - 7 potions of cancellation
 E - 6 potions of might
 G - 8 potions of ambrosia
 M - 4 potions of enlightenment
 N - 5 potions of invisibility
 Q - 7 potions of resistance
 R - 7 potions of haste
 S - 2 potions of brilliance
Miscellaneous
 f - a lightning rod (4/4)
 s - a phial of floods
 V - a phantom mirror


   Skills:
 - Level 18.0 Fighting
 + Level 14.9 Dodging
 - Level 3.0 Stealth
 - Level 21.0 Spellcasting
 - Level 18.0 Conjurations
 - Level 24.0 Ice Magic
 * Level 11.8 Earth Magic


You had 10 spell levels left.
You knew the following spells:

 Your Spells              Type           Power      Damage    Failure   Level
a - Blink                 Tloc           84%        N/A       4%          2
b - Lehudib's Crystal Sp  Conj/Erth      51%        10d12     6%          8
c - Sublimation of Blood  Necr           42%        N/A       4%          2
d - Polar Vortex          Ice            62%        12d8*     3%          9
e - Iskenderun's Mystic   Conj/Tloc      85%        2d17      1%          4
f - Irradiate             Conj/Alch      42%        3d25      1%          5
g - Ozocubu's Armour      Ice            100%       N/A       1%          3
h - Freezing Cloud        Conj/Ice/Air   50%        6-21      1%          5
i - Hailstorm             Conj/Ice       100%       3d16      1%          3
j - Bombard               Conj/Erth      51%        9d9       1%          6
k - Ozocubu's Refrigerat  Ice            62%        4d21      1%          7

Your spell library contained the following spells:

 Spells                   Type           Power      Damage    Failure   Level
 Chain Lightning          Conj/Air       42%        3d56      98%         9
 Fire Storm               Conj/Fire      42%        8d11      98%         9
 Freeze                   Ice            100%       1d10      1%          1
 Magic Dart               Conj           100%       1d8       1%          1
 Sandblast                Erth           100%       2d20      1%          1
 Shock                    Conj/Air       100%       1d9       1%          1
 Sting                    Conj/Alch      100%       1d9       1%          1
 Ensorcelled Hibernation  Hex/Ice        100%       N/A       1%          2
 Mercury Vapours          Alch/Air       84%        N/A       1%          2
 Momentum Strike          Conj/Tloc      100%       3d10      1%          2
 Searing Ray              Conj           100%       2d8       1%          2
 Static Discharge         Conj/Air       100%       3-8/arc   1%          2
 Frozen Ramparts          Ice            100%       1d16      1%          3
 Mephitic Cloud           Conj/Alch/Air  74%        N/A       1%          3
 Passwall                 Erth           94%        N/A       1%          3
 Stone Arrow              Conj/Erth      100%       3d13      1%          3
 Summon Ice Beast         Ice/Summ       95%        N/A       1%          3
 Brom's Barrelling Bould  Conj/Erth      100%       2d11      1%          4
 Fulminant Prism          Conj/Alch      42%        3d19      1%          4
 Arcjolt                  Conj/Air       42%        1d52      1%          5
 Fireball                 Conj/Fire      42%        3d17      1%          5
 Lee's Rapid Deconstruct  Erth           47%        3d22*     1%          5
 Conjure Ball Lightning   Conj/Air       42%        3x3d15    2%          6
 Apportation              Tloc           84%        N/A       3%          1
 Necrotise                Necr           100%       1d9       3%          1
 Slow                     Hex            100%       N/A       3%          1
 Summon Small Mammal      Summ           100%       N/A       3%          1
 Leda's Liquefaction      Alch/Erth      36%        N/A       3%          4
 Petrify                  Alch/Erth      73%        N/A       3%          4
 Call Imp                 Summ           84%        N/A       4%          2
 Cigotuvi's Dreadful Rot  Necr/Alch/Air  84%        N/A       4%          2
 Lesser Beckoning         Tloc           84%        N/A       4%          2
 Airstrike                Air            21%        2d(3-19)  4%          4
 Ignite Poison            Fire/Alch      42%        N/A       4%          4
 Olgreb's Toxic Radiance  Alch           42%        N/A       4%          4
 Sticky Flame             Fire/Alch      42%        2d8       4%          4
 Borgnjor's Vile Clutch   Necr/Erth      36%        N/A       6%          5
 Call Canine Familiar     Summ           42%        N/A       7%          3
 Confusing Touch          Hex            42%        N/A       7%          3
 Fugue of the Fallen      Necr           42%        N/A       7%          3
 Sigil of Binding         Hex            42%        N/A       7%          3
 Swiftness                Air            42%        N/A       7%          3
 Tukima's Dance           Hex            42%        N/A       7%          3
 Vampiric Draining        Necr           42%        2d9       7%          3
 Yara's Violent Unravell  Hex/Alch       21%        3d10      10%         5
 Anguish                  Hex/Necr       21%        N/A       16%         4
 Animate Dead             Necr           42%        N/A       16%         4
 Cause Fear               Hex            21%        N/A       16%         4
 Dispel Undead            Necr           42%        3d17      16%         4
 Manifold Assault         Tloc           42%        N/A       16%         4
 Martyr's Knell           Necr/Summ      42%        N/A       16%         4
 Passage of Golubria      Tloc           42%        N/A       16%         4
 Summon Lightning Spire   Summ/Air       42%        N/A       16%         4
 Vhi's Electric Charge    Tloc/Air       84%        N/A       16%         4
 Alistair's Intoxication  Alch           28%        N/A       34%         5
 Silence                  Hex/Air        21%        N/A       34%         5
 Summon Forest            Summ/Tloc      21%        N/A       34%         5
 Summon Mana Viper        Hex/Summ       42%        N/A       34%         5
 Eringya's Noxious Bog    Alch           21%        4d6       36%         6
 Plasma Beam              Fire/Air       21%        2x1d33    36%         6
 Death Channel            Necr           21%        N/A       83%         6
 Dispersal                Tloc           21%        N/A       83%         6
 Summon Cactus Giant      Summ           21%        N/A       83%         6
 Haunt                    Necr/Summ      21%        N/A       100%        7
 Monstrous Menagerie      Summ           21%        N/A       100%        7
 Summon Hydra             Summ           21%        N/A       100%        7
 Borgnjor's Revivificati  Necr           21%        N/A       100%        8
 Discord                  Hex            21%        N/A       100%        8
 Disjunction              Tloc           21%        N/A       100%        8
 Ignition                 Fire           21%        3d8       100%        8
 Infestation              Necr           21%        N/A       100%        8
 Death's Door             Necr           21%        N/A       100%        9
 Dragon's Call            Summ           21%        N/A       100%        9
 Animate Armour           Summ/Erth      Unusable   N/A       N/A         4

Dungeon Overview and Level Annotations

Branches:
Dungeon (15/15)            Temple (1/1) D:7            Lair (5/5) D:10
 Shoals (4/4) Lair:2       Spider (4/4) Lair:2        Slime (0/5) Lair:5
    Orc (2/2) D:11            Elf (3/3) Orc:2        Vaults (0/5) D:13
 Depths (4/4) D:15            Zot (0/5) Depths:4     Bailey (visited)
  IceCv (visited)          WizLab (visited)         Gauntlet (visited)

Altars:
Ashenzari
Cheibriados
Dithmenos
Elyvilon
Fedhas
Gozag
Hepliaklqana
Kikubaaqudgha
Makhleb
Nemelex Xobeh
Okawaru
Qazlal
Ru
Sif Muna
Trog
Uskayaw
Vehumet
Wu Jian
Xom
Yredelemnul
Zin
The Shining One
Lugonu

Shops:
D:2 [   D:5 ([   D:8 (   Orc:2 =![   Elf:1 *(   Elf:2 =[([   Elf:3 =:=
Depths:1 (   Depths:4 (*(:

Portals:
Hell: Depths:1 Depths:2 Depths:3 Depths:4
Abyss: Depths:2 Depths:3 Depths:4
Pandemonium: Depths:2
Ziggurat: Depths:2
Trove: D:10 (give 16 scrolls of teleportation)


Innate Abilities, Weirdness & Mutations

You can breathe waves of freezing cold which knock back foes.
Your icy white scales are hard. (AC +11)
You cannot fit into any form of body armour.
Your flesh is cold resistant. (rC+)
You are cold-blooded and may be slowed by cold attacks.
Your tail ends in a venomous barb.
You are weak. (Str -2)
[You are very vulnerable to heat. (rF--)]


Message History

Unknown command.
You kill the cyan very ugly thing!
Vehumet accepts your kill.
You feel your power returning. The will-o-the-wisp barely misses you.
You hit the will-o-the-wisp.
You destroy the will-o-the-wisp!
Vehumet accepts your kill.
You feel your power returning.
Unknown command.
A red draconian scorcher comes into view.
It is wielding a +0 rapier.
A red draconian scorcher is nearby!
A red draconian scorcher is nearby!
A red draconian scorcher is nearby!
A red draconian scorcher is nearby!
A red draconian scorcher is nearby!
A red draconian scorcher is nearby!
A red draconian scorcher is nearby!
You are too injured to fight recklessly!
You are too injured to fight recklessly!
A wretched star comes into view.
The winds around you start to calm down.
You float gracefully downwards.
The wretched star pulses with an eldritch light!
You feel vulnerable to heat. x2
You are engulfed in whirling frost.
The red draconian scorcher points at you and mumbles some strange words.
The sphere of damnation explodes!
The damnation engulfs you!!!
* * * LOW HITPOINT WARNING * * *
Casting: Polar Vortex (dangerous; 3% risk of failure)
Confirm with . or Enter, or press ? or * to list all spells.
Okay, then.
Casting: Ozocubu's Refrigeration (mildly dangerous; 1% risk of failure)
Press: ? - help, Q - select action, (/) - cycle Dir - look around, f - activate The heat is drained from your surroundings.
The wretched star resists.
The wretched star is moderately damaged.
The red draconian scorcher is heavily wounded.
The red draconian scorcher points at you and mumbles some strange words.
The bolt of fire hits you!!! The fire burns you terribly!
You die...

... .# ...... .# #.
.#..... ..####
..#...§... .§....
#.. ..§. #......
#...####.###.§§....
...§.§.§.§§§......
#...§§§§§.§.§§§....
#.......@.§..§.....
#...*.....§.§§.#.##
...q..§.§§§§#.#
#..##§§##.##...#.
#. ##§..§#...§#
#§...§.#.....#
#..)..##...≈.#
#.'##.# .≈..# . ##.
#. .


You could see a red draconian scorcher and a wretched star.

Vanquished Creatures
  Mara (Elf:3)
  A juggernaut (Depths:4)
  Bai Suzhen (Elf:3)
  A caustic shrike (Depths:2)
  2 golden dragons
  A profane servitor (Abyss:3)
  2 pearl dragons (Depths:2)
  3 bone dragons (Abyss:3)
  An electric golem (WizLab)
  Rupert (Lair:4)
  2 tentacled monstrosities (Depths:4)
  6 liches
  A walking crystal tome (Depths:2)
  A walking earthen tome (Depths:4)
  2 deep elf master archers (Elf:3)
  3 deep elf blademasters
  2 titans
  2 quicksilver dragons
  13 tentacled starspawn (Abyss:3)
  2 sphinxes
  7 storm dragons
  Donald (Shoals:3)
  2 daevas
  A shadow dragon (Depths:3)
  Roxanne (Elf:3)
  7 fire giants
  7 frost giants
  6 deep elf sorcerers (Elf:3)
  A balrug (Depths:1)
  6 deep elf elementalists (Elf:3)
  Louise (Spider:1)
  2 angels (Elf:2)
  8 emperor scorpions
  6 ghost moths
  A reaper (Depths:1)
  A broodmother (Spider:4)
  26 very ugly things
  An orc warlord (Orc:2)
  2 caustic shrike skeletons (Abyss:3)
  2 ironbound preservers
  2 draconian annihilators (Depths:4)
  11 stone giants
  4 ironbound thunderhulks (WizLab)
  An ophan (Depths:2)
  4 deep elf demonologists
  A black draconian (Depths:4)
  2 green draconians (Depths:4)
  An apis (Depths:2)
  2 purple draconians (Depths:4)
  6 deep elf death magi (Elf:3)
  6 deep elf annihilators (Elf:3)
  2 war gargoyles (WizLab)
  7 spark wasps
  A minotaur (Gauntlet)
  A blizzard demon (Abyss:3)
  6 ettins
  A yellow draconian (Depths:4)
  4 crystal guardians (WizLab)
  8 merfolk javelineers
  An eidolon (Abyss:3)
  Snorg (D:11)
  9 merfolk impalers
  Josephine (D:10)
  9 fire dragons
  3 entropy weavers
  5 ice dragons
  3 deep elf high priests
  4 rakshasas
  A great orb of eyes (Abyss:3)
  6 merfolk avatars
  Erolcha (D:12)
  8 boulder beetles
  9 peacekeepers (WizLab)
  7 hydras
  Harold (D:11)
  3 ogre magi (Orc:2)
  3 catoblepae
  2 alligator snapping turtles (Shoals:4)
  2 two-headed ogres (D:9)
  A death knight (D:15)
  2 salamander tyrants (WizLab)
  A juggernaut simulacrum (Abyss:3)
  5 radroaches
  A spriggan air mage (Depths:1)
  A jorogumo (Spider:3)
  6 merfolk aquamancers
  4 centaur warriors
  7 tengu warriors
  27 dancing weapons
  4 deep troll shamans
  6 hell hogs
  10 death yaks
  2 naga warriors (Abyss:3)
  2 satyrs
  An orc high priest (Orc:2)
  8 deep troll earth magi
  A shock serpent (shapeshifter) (Elf:1)
  5 demonic crawlers
  2 occultists
  Nergalle (D:11)
  2 soul eaters
  17 thrashing horrors (Abyss:3)
  A storm dragon zombie (Depths:1)
  6 sun demons
  8 spriggan berserkers
  9 hell knights
  6 skysharks
  10 wretched stars (Abyss:3)
  15 deep elf knights
  A sixfirhy (Abyss:3)
  A fire crab (Lair:4)
  9 pharaoh ants
  5 iron trolls
  A spatial maelstrom (Abyss:3)
  5 glowing orange brains
  Lodul (D:11)
  11 sea snakes
  A sun moth (shapeshifter) (Elf:2)
  20 large abominations (Abyss:3)
  3 cherubim (Shoals:4)
  A flayed ghost (Depths:2)
  A sun moth (Spider:4)
  18 deep trolls
  9 harpies
  11 deep elf archers
  12 orb spiders
  A swamp dragon (Lair:5)
  11 steelbarb worms
  2 lightning spires (WizLab)
  2 lindwurms
  22 deep elf zephyrmancers
  3 necromancers
  An orc knight (Orc:2)
  30 starcursed masses (Abyss:3)
  41 ugly things
  32 deep elf pyromancers
  24 wolf spiders
  3 will-o-the-wisps (Abyss:3)
  9 orc sorcerers (Orc:2)
  2 oklob plants (Lair:5)
  A frost giant zombie (Depths:1)
  12 fauns
  A moth of wrath (Spider:4)
  11 cyclopes
  A meliai (shapeshifter) (D:15)
  3 salamanders
  5 worldbinders (Abyss:3)
  3 meliai (D:13)
  12 manticores
  3 ice statues (IceCv)
  7 water nymphs
  8 merfolk sirens
  An eye of devastation (Abyss:3)
  2 guardian serpents (Abyss:3)
  2 apocalypse crabs (Abyss:3)
  8 black mambas
  3 molten gargoyles (WizLab)
  6 torpor snails
  2 kobold blastminers (Orc:1)
  11 gargoyles
  13 cane toads
  10 smoke demons
  A hellion (Abyss:3)
  9 rime drakes
  A dire elephant skeleton (Abyss:3)
  3 ice devils
  3 efreet
  2 unseen horrors (D:12)
  A kobold demonologist (D:10)
  The ghost of H0rd4k the Insei, a novice OpAr (D:6)
  Maggie (D:8)
  13 komodo dragons
  Jeremiah (D:6)
  A tengu conjurer (Depths:1)
  7 ancient zymes (Abyss:3)
  20 merfolk
  11 trolls
  3 freezing wraiths
  A wind drake (shapeshifter) (Depths:1)
  28 tarantellas
  7 hornets
  12 raiju (Abyss:3)
  A tyrant leech (shapeshifter) (D:15)
  9 snapping turtles
  14 blink frogs
  2 spriggan zombies
  4 wind drakes
  23 dream sheep
  A raiju (shapeshifter) (Elf:3)
  3 air elementals
  15 culicivoras
  A spriggan (shapeshifter) (Elf:3)
  16 slime creatures
  26 jumping spiders
  2 vampires
  8 shadows
  6 ynoxinuls (Abyss:3)
  3 spriggans
  A dire elephant simulacrum (IceCv)
  23 small abominations (Abyss:3)
  10 wyverns
  24 water elementals
  A yak (shapeshifter) (Abyss:3)
  28 yaks
  5 basilisks
  3 fire elementals
  3 golden eyes (Abyss:3)
  10 wraiths
  4 neqoxecs (Abyss:3)
  5 steam dragons
  10 chaos spawn (Abyss:3)
  14 vampire mosquitoes
  67 redbacks
  A spriggan simulacrum (Depths:1)
  2 harpy simulacra
  2 spatial vortices (Abyss:3)
  5 nagas (Abyss:3)
  14 water moccasins
  2 glowing shapeshifter zombies (Depths:1)
  2 acid dragons
  2 ice beasts
  18 orc warriors
  25 ogres
  2 black bears
  16 laughing skulls
  4 centaurs
  13 wolves
  2 phantoms
  2 weeping skulls (Abyss:3)
  8 kobold brigands
  2 gnoll sergeants
  18 bullfrogs
  7 earth elementals
  3 brain worms (Abyss:3)
  2 scorpions
  9 wights
  2 jellies (Abyss:3)
  5 howler monkeys
  7 electric eels
  4 lava snakes (Lair:2)
  3 bombardier beetles
  A quasit (Abyss:3)
  14 orc priests
  3 gnoll boudas
  4 hounds
  3 iron imps (Abyss:3)
  2 sleepcaps
  Jessica (D:3)
  8 iguanas
  29 orc wizards
  3 polar bear simulacra (IceCv)
  3 wolf simulacra (IceCv)
  32 gnolls
  11 adders
  5 shadow imps
  3 white imps
  6 ufetubi (Abyss:3)
  2 dart slugs
  A ribbon worm (D:3)
  54 orcs
  8 endoplasms
  3 giant cockroaches
  9 hobgoblins
  14 jackals
  20 kobolds
  9 quokkas
  9 ball pythons
  3 bats
  4 frilled lizards
  11 goblins
  9 rats
  A lurking horror (Abyss:3)
  10 starspawn tentacles (Abyss:3)
1820 creatures vanquished.

Vanquished Creatures (others)
  A ghost moth (Spider:4)
  A merfolk aquamancer (Shoals:4)
  A faun (Shoals:3)
  A goblin (D:4)
  A butterfly (Depths:1)
  2 foxfires (Abyss:3)
  21 fulminant prisms
  13 starspawn tentacles (Abyss:3)
41 creatures vanquished.

Grand Total: 1861 creatures vanquished

Notes
Turn   | Place    | Note
-------+----------+-------------------------------------------
     0 | D:1      | Gabide the Draconian Conjurer began the quest for the Orb.
     0 | D:1      | Reached XP level 1. HP: 14/14 MP: 3/3
   222 | D:1      | Reached XP level 2. HP: 22/22 MP: 1/5
   625 | D:1      | Reached skill level 1 in Fighting
   862 | D:1      | Reached XP level 3. HP: 28/28 MP: 3/6
   921 | D:1      | Found a faded altar of an unknown god.
  1233 | D:2      | Found Duejam's Armour Boutique.
  1245 | D:2      | Found a white marble altar of Elyvilon.
  1587 | D:2      | Reached XP level 4. HP: 35/35 MP: 2/7
  2284 | D:3      | Noticed Jessica
  2286 | D:3      | Killed Jessica
  2287 | D:3      | Reached XP level 5. HP: 41/41 MP: 6/9
  2502 | D:3      | Learned a level 2 spell: Searing Ray
  2795 | D:3      | Found a basalt altar of Yredelemnul.
  3653 | D:4      | Reached skill level 5 in Conjurations
  3746 | D:4      | Noticed a phantom
  3768 | D:4      | Killed a phantom
  3769 | D:4      | Reached XP level 6. HP: 46/50 MP: 0/11
  4862 | D:5      | Entered Level 5 of the Dungeon
  4874 | D:4      | Your scales start taking on an icy white colour.
  4874 | D:4      | Reached XP level 7. HP: 57/57 MP: 3/13
  4874 | D:4      | Gained mutation: Your flesh is cold resistant. (rC+) [White
                  | Draconian growth]
  5172 | D:5      | Found Casi's Antique Armour Emporium.
  5220 | D:5      | Found Amedd's General Store.
  5358 | D:5      | Reached skill level 5 in Spellcasting
  5952 | D:5      | Bought a smouldering cloak for 256 gold pieces
  5952 | D:5      | Identified the +1 cloak of Farfalle {rPois Str+4} (You
                  | bought it in a shop on level 5 of the Dungeon)
  5984 | D:5      | Found Seity's Antique Weapon Shoppe.
  6007 | D:5      | Reached XP level 8. HP: 63/63 MP: 10/17
  6345 | D:5      | Found an ornate altar of the Wu Jian Council.
  6348 | D:5      | Found a bloodstained altar of Trog.
  6973 | D:6      | Noticed Jeremiah
  6987 | D:6      | Killed Jeremiah
  7427 | D:6      | Found a runed translucent gate.
  7428 | D:6      | Found a runed translucent gate.
  7428 | D:6      | Noticed H0rd4k's ghost (novice OpAr)
  7429 | D:6      | Found a runed translucent gate.
  7563 | D:6      | Reached XP level 9. HP: 72/72 MP: 14/20
  7627 | D:6      | Found a stormy altar of Qazlal.
  7758 | D:6      | Reached skill level 5 in Fighting
  7948 | D:6      | Killed H0rd4k's ghost
  8353 | D:7      | Found a snail-covered altar of Cheibriados.
  8502 | D:7      | Found a white marble altar of Elyvilon.
  8889 | D:7      | Found a staircase to the Ecumenical Temple.
  9108 | D:7      | Found a burning altar of Makhleb.
  9258 | D:7      | Learned a level 2 spell: Sublimation of Blood
  9613 | D:2      | Bought a +0 pair of boots for 63 gold pieces
  9779 | D:8      | Noticed Maggie
  9785 | D:8      | Noticed a boulder beetle
  9787 | D:8      | Killed Maggie
  9788 | D:8      | Reached XP level 10. HP: 60/83 MP: 15/23
  9809 | D:8      | Killed a boulder beetle
 10043 | D:8      | Found a sparkling altar of Nemelex Xobeh.
 10176 | D:8      | Found a shimmering altar of Xom.
 10425 | D:8      | Found Guapp's Weapon Shop.
 10565 | D:8      | Reached skill level 10 in Conjurations
 10737 | D:8      | Noticed a manticore
 10742 | D:8      | Killed a manticore
 10743 | D:8      | Reached skill level 10 in Spellcasting
 10792 | D:8      | Identified the +8 mace "Etwainegg" {heavy, *Noise rC-
                  | Int+10}
 11159 | D:8      | Learned a level 4 spell: Fulminant Prism
 11164 | D:8      | Learned a level 4 spell: Iskenderun's Mystic Blast
 11170 | D:8      | Learned a level 5 spell: Irradiate
 11217 | D:9      | Noticed a two-headed ogre
 11351 | D:8      | Identified a scroll of acquirement
 11351 | D:8      | Acquired a book of the Dragon
 11361 | D:8      | Learned a level 5 spell: Fireball
 11369 | D:9      | Killed a two-headed ogre
 11579 | D:9      | Found a flagged portal.
 11614 | Bailey   | Entered a bailey
 12567 | D:9      | Reached XP level 11. HP: 71/88 MP: 19/25
 12941 | D:10     | Entered Level 10 of the Dungeon
 13075 | D:10     | Noticed a two-headed ogre
 13085 | D:9      | Killed a two-headed ogre
 13358 | D:10     | Noticed Josephine
 13550 | D:10     | Found a glowing silver altar of Zin.
 13567 | D:10     | Found a portal to a secret trove of treasure.
 13584 | D:10     | Killed Josephine
 13701 | D:10     | Found a broken altar of Ashenzari.
 14154 | D:10     | Found a staircase to the Lair.
 14376 | D:10     | Reached XP level 12. HP: 105/105 MP: 26/28
 14386 | D:10     | Reached skill level 10 in Fighting
 14386 | D:10     | Reached skill level 5 in Dodging
 14386 | D:10     | Reached XP level 13. HP: 113/113 MP: 28/30
 14493 | D:11     | Identified the +3 leather armour "Siddes Nool" {Will+}
 14542 | D:11     | Noticed Lodul
 14545 | D:11     | Killed Lodul
 14723 | D:11     | Noticed Nergalle
 14731 | D:11     | Killed Nergalle
 14854 | D:11     | Found a frozen archway.
 14864 | IceCv    | Entered an ice cave
 15805 | D:11     | Noticed Snorg
 15810 | D:11     | Killed Snorg
 15908 | D:11     | Noticed Harold
 15914 | D:11     | Killed Harold
 15915 | D:11     | Reached XP level 14. HP: 122/122 MP: 6/31
 16076 | D:11     | Found a staircase to the Orcish Mines.
 16827 | D:12     | Noticed Erolcha
 16833 | D:12     | Killed Erolcha
 19724 | D:13     | Noticed an ironbound preserver
 19738 | D:13     | Killed an ironbound preserver
 19872 | D:13     | Reached skill level 15 in Conjurations
 19968 | D:13     | Found a gate to the Vaults.
 21048 | D:14     | Found a stormy altar of Qazlal.
 22076 | D:15     | Entered Level 15 of the Dungeon
 22225 | D:15     | Reached skill level 15 in Spellcasting
 22903 | D:15     | Learned a level 5 spell: Freezing Cloud
 22922 | D:15     | Reached XP level 15. HP: 132/132 MP: 18/34
 24064 | D:15     | Identified the +0 dagger "Yrulit" {flame, rCorr}
 24243 | Temple   | Entered the Ecumenical Temple
 24258 | Temple   | Became a worshipper of Vehumet
 24963 | D:15     | Found a staircase to the Depths.
 25057 | Orc:1    | Entered Level 1 of the Orcish Mines
 25167 | Orc:2    | Entered Level 2 of the Orcish Mines
 25389 | Orc:2    | Found a gate leading to a gauntlet.
 25461 | Gauntlet | Entered a Gauntlet
 25461 | Gauntlet | Found a transporter.
 25471 | Gauntlet | Found a transporter.
 25486 | Gauntlet | Found a transporter.
 25491 | Gauntlet | Found a transporter.
 25506 | Gauntlet | Found a transporter.
 25525 | Gauntlet | Found a transporter.
 25537 | Gauntlet | Found a transporter.
 25549 | Gauntlet | Found a transporter.
 25555 | Gauntlet | Found a transporter.
 25570 | Gauntlet | Found a transporter.
 25582 | Gauntlet | Found a transporter.
 25599 | Gauntlet | Found a transporter.
 25616 | Gauntlet | Found a transporter.
 25618 | Gauntlet | Found a transporter.
 25643 | Gauntlet | Found a transporter.
 25645 | Gauntlet | Found a transporter.
 25665 | Gauntlet | Found a transporter.
 25743 | Gauntlet | Found a transporter.
 25994 | Gauntlet | Identified the ring of the Carved God {Fly Int+2 SInv}
 26256 | Gauntlet | Identified the ring "Ugiow" {Ice Will+ rCorr Int-2}
 26316 | Gauntlet | Reached skill level 10 in Dodging
 26575 | Orc:2    | Reached * piety under Vehumet
 26575 | Orc:2    | Offered knowledge of Kiss of Death by Vehumet.
 26622 | Orc:2    | Found a staircase to the Elven Halls.
 26936 | Orc:2    | Identified the +2 chain mail of Beogh's Supremacy {rPois}
 27419 | Orc:2    | Offered knowledge of Static Discharge by Vehumet.
 27561 | Orc:2    | Reached ** piety under Vehumet
 27593 | Orc:2    | Reached skill level 1 in Ice Magic
 27774 | Orc:2    | Found Watawov's Antique Armour Shop.
 27789 | Orc:2    | Reached skill level 2 in Ice Magic
 28073 | Orc:2    | Found a radiant altar of Vehumet.
 28161 | Orc:2    | Found Kaen's Distillery.
 28171 | Orc:2    | Reached skill level 3 in Ice Magic
 28308 | Orc:2    | Bought a potion of mutation for 96 gold pieces
 28308 | Orc:2    | Bought a potion of haste for 120 gold pieces
 28308 | Orc:2    | Bought a potion of curing for 36 gold pieces
 28308 | Orc:2    | Bought a potion of brilliance for 48 gold pieces
 28308 | Orc:2    | Bought a potion of heal wounds for 60 gold pieces
 28312 | Orc:2    | Learned a level 3 spell: Hailstorm
 28318 | Orc:2    | Found an ancient bone altar of Kikubaaqudgha.
 28386 | Orc:2    | Found Soomoutu's Distillery.
 28500 | Orc:2    | Found Hyopies's Jewellery Shop.
 28503 | Orc:2    | Bought a potion of mutation for 96 gold pieces
 28503 | Orc:2    | Bought a potion of curing for 36 gold pieces
 28503 | Orc:2    | Bought a potion of cancellation for 96 gold pieces
 28503 | Orc:2    | Bought a potion of mutation for 96 gold pieces
 28503 | Orc:2    | Bought a potion of brilliance for 48 gold pieces
 28503 | Orc:2    | Bought a potion of curing for 36 gold pieces
 28503 | Orc:2    | Bought a potion of haste for 120 gold pieces
 28503 | Orc:2    | Bought a potion of resistance for 120 gold pieces
 28503 | Orc:2    | Bought a potion of curing for 36 gold pieces
 28503 | Orc:2    | Bought a potion of curing for 36 gold pieces
 28640 | Orc:1    | Offered knowledge of Momentum Strike by Vehumet.
 28745 | Orc:1    | Reached skill level 4 in Ice Magic
 29556 | Lair:1   | Entered Level 1 of the Lair of Beasts
 29576 | Lair:1   | Reached *** piety under Vehumet
 29702 | Lair:1   | Reached skill level 5 in Ice Magic
 30619 | Orc:2    | Bought the ring "Zehicu Xoph" {Fly rF++ rCorr MP+9 Dex-5}
                  | for 896 gold pieces
 30980 | Lair:1   | Reached skill level 6 in Ice Magic
 31412 | Lair:2   | Offered knowledge of Volatile Blastmotes by Vehumet.
 32158 | Lair:2   | Found a hole to the Spider Nest.
 32384 | Lair:2   | Reached XP level 16. HP: 146/146 MP: 35/35
 32467 | Lair:2   | Reached skill level 7 in Ice Magic
 32494 | Lair:2   | Found a staircase to the Shoals.
 32804 | Lair:3   | Reached **** piety under Vehumet
 32814 | Lair:3   | Offered knowledge of Iskenderun's Battlesphere by Vehumet.
 33638 | Lair:4   | Reached skill level 8 in Ice Magic
 34274 | Lair:4   | Noticed Rupert
 34281 | Lair:4   | Killed Rupert
 34968 | Lair:5   | Entered Level 5 of the Lair of Beasts
 34987 | Lair:5   | Reached skill level 9 in Ice Magic
 35377 | Lair:5   | Found a staircase to the Slime Pits.
 35979 | Lair:5   | Reached skill level 10 in Ice Magic
 35981 | Lair:5   | Reached ***** piety under Vehumet
 36441 | Lair:5   | Identified the amulet of Ruemyaji {Reflect rElec SH+5}
 36529 | Lair:5   | Offered knowledge of Bombard by Vehumet.
 36530 | Lair:5   | Reached skill level 15 in Fighting
 36623 | Lair:5   | Found the +4 consecrated labrys {holy, Valiant ^Fragile Fly
                  | SInv}
 36701 | Lair:5   | Learned a level 6 spell: Bombard
 36714 | Lair:5   | Learned a level 7 spell: Ozocubu's Refrigeration
 36738 | Lair:5   | Reached skill level 11 in Ice Magic
 37640 | Shoals:1 | Entered Level 1 of the Shoals
 37646 | Shoals:1 | Reached skill level 12 in Ice Magic
 38306 | Shoals:1 | Reached skill level 13 in Ice Magic
 39049 | Shoals:1 | Reached skill level 14 in Ice Magic
 39618 | Shoals:2 | Reached XP level 17. HP: 156/156 MP: 34/36
 40302 | Shoals:2 | Reached skill level 15 in Ice Magic
 41213 | Shoals:3 | Offered knowledge of Orb of Destruction by Vehumet.
 41215 | Shoals:3 | Reached skill level 16 in Ice Magic
 41457 | Shoals:3 | Noticed Donald
 41461 | Shoals:3 | Killed Donald
 42104 | Shoals:3 | Identified the +1 falchion of the Crushed Lovers {venom,
                  | Int-4 Dex+6}
 42513 | Shoals:3 | Reached skill level 17 in Ice Magic
 42703 | Shoals:4 | Entered Level 4 of the Shoals
 43146 | Shoals:4 | Found a glowing silver altar of Zin.
 43163 | Shoals:4 | Reached skill level 18 in Ice Magic
 43717 | Shoals:4 | Found a glowing golden altar of the Shining One.
 44057 | Shoals:4 | Found a white marble altar of Elyvilon.
 44356 | Shoals:4 | Got a barnacled rune of Zot
 44887 | Spider:1 | Entered Level 1 of the Spider Nest
 45476 | Spider:1 | Reached XP level 18. HP: 163/163 MP: 10/38
 45699 | Spider:1 | Noticed Louise
 45702 | Spider:1 | Killed Louise
 45709 | Spider:1 | Offered knowledge of Plasma Beam by Vehumet.
 48250 | Spider:2 | Identified the +1 ring mail of Going Fast {Fly Will+ Dex+3}
 48256 | Spider:2 | Learned a level 2 spell: Blink
 49311 | Spider:3 | Reached ****** piety under Vehumet
 49629 | Spider:4 | Entered Level 4 of the Spider Nest
 49950 | Spider:4 | Reached skill level 19 in Ice Magic
 49952 | Spider:4 | Offered knowledge of Spellforged Servitor by Vehumet.
 51068 | Spider:4 | Reached skill level 20 in Ice Magic
 51926 | Spider:4 | Reached XP level 19. HP: 170/170 MP: 39/41
 52751 | Spider:4 | Reached skill level 21 in Ice Magic
 52981 | Spider:4 | Got a gossamer rune of Zot
 53353 | Depths:1 | Entered Level 1 of the Depths
 53828 | Depths:1 | Offered knowledge of Conjure Ball Lightning by Vehumet.
 55274 | Depths:1 | Found a white marble altar of Elyvilon.
 55316 | Depths:1 | Found Widghin's Antique Weapon Boutique.
 55810 | Depths:1 | Identified the +3 demon trident of Ynaagiu {pain, ^Contam
                  | rPois Int+3 Dex+3}
 55817 | Depths:1 | Offered knowledge of Starburst by Vehumet.
 55928 | Depths:1 | Found a gateway to Hell.
 55941 | Depths:1 | Identified the +6 orcbow of the Onslaught {flame, rF+}
 56080 | Depths:2 | Reached skill level 22 in Ice Magic
 56309 | Depths:2 | Noticed a pearl dragon
 56318 | Depths:2 | Killed a pearl dragon
 56320 | Depths:2 | Noticed a pearl dragon
 56327 | Depths:2 | Killed a pearl dragon
 56463 | Depths:2 | Found a one-way gate to the infinite horrors of the Abyss.
 56563 | Depths:2 | Found a one-way gateway to a ziggurat.
 56684 | Depths:2 | Noticed a caustic shrike
 56692 | Depths:2 | Killed a caustic shrike
 56696 | Depths:2 | Reached XP level 20. HP: 101/180 MP: 43/43
 57478 | Depths:2 | Found a shadowy altar of Dithmenos.
 57486 | Depths:2 | Found a one-way gate leading to the halls of Pandemonium.
 57836 | Depths:2 | Found a glowing silver altar of Zin.
 57836 | Depths:2 | Found a glowing golden altar of the Shining One.
 57836 | Depths:2 | Found a white marble altar of Elyvilon.
 58297 | Depths:3 | Found a shimmering blue altar of Sif Muna.
 58526 | Depths:3 | Offered knowledge of Lehudib's Crystal Spear by Vehumet.
 58791 | Depths:3 | Found the +5 glaive of the Guard {elec, spectral}
 59014 | Depths:3 | Reached skill level 1 in Earth Magic
 59023 | Depths:3 | Learned a level 8 spell: Lehudib's Crystal Spear
 59093 | Depths:3 | Noticed a golden dragon
 59102 | Depths:3 | Killed a golden dragon
 59136 | Depths:3 | Gained mutation: You have hidden genetic defects.
                  | [mutagenic glow]
 59685 | Depths:4 | Entered Level 4 of the Depths
 59781 | Depths:4 | Found Zerit's Weapon Shoppe.
 59931 | Depths:4 | Reached skill level 23 in Ice Magic
 60030 | Depths:4 | Found Hiumeh's Antique Weapon Boutique.
 60038 | Depths:4 | Noticed a juggernaut
 60046 | Depths:4 | Killed a juggernaut
 60383 | Depths:4 | Noticed a golden dragon
 60388 | Depths:4 | Killed a golden dragon
 60539 | Depths:4 | Gained mutation: Your spells are a little easier to cast,
                  | but a little less powerful. [hidden defects]
 60687 | Depths:4 | Lost mutation: Your spells are a little easier to cast, but
                  | a little less powerful. [potion of mutation]
 60687 | Depths:4 | Lost mutation: You have hidden genetic defects. [potion of
                  | mutation]
 60687 | Depths:4 | Gained mutation: You are weak. (Str -2) [potion of
                  | mutation]
 60801 | Depths:4 | Identified the ring of Tufarrav {MP+9 Int+5}
 60831 | Depths:4 | Found Comipio's Book Shoppe.
 60912 | Depths:4 | Found Qoemom's Fire Supplies.
 61669 | Depths:4 | Found a gate to the Realm of Zot.
 61760 | Depths:4 | Reached XP level 21. HP: 108/189 MP: 44/44
 62037 | Depths:4 | Found a corrupted altar of Lugonu.
 62370 | Elf:1    | Entered Level 1 of the Elven Halls
 62379 | Elf:1    | Offered knowledge of Fire Storm by Vehumet.
 62379 | Elf:1    | Offered knowledge of Chain Lightning by Vehumet.
 62379 | Elf:1    | Offered knowledge of Polar Vortex by Vehumet.
 62390 | Elf:1    | Learned a level 9 spell: Polar Vortex
 62458 | Elf:1    | Found Qaowaima's Antique Weapon Emporium.
 62468 | Elf:1    | Reached skill level 5 in Earth Magic
 62838 | Elf:1    | Identified the +2 battleaxe of the Messenger {spect, Dex+4}
 63191 | Elf:1    | Found Pyoz's Overcharged Wands.
 63745 | Elf:2    | Found a runed translucent gate.
 63746 | Elf:2    | Found a runed translucent gate.
 63746 | Elf:2    | Found a runed translucent gate.
 63795 | Elf:2    | Found a glowing silver altar of Zin.
 63795 | Elf:2    | Found a glowing golden altar of the Shining One.
 63819 | Elf:2    | Found Zeogyeg's Armour Shop.
 63819 | Elf:2    | Found Mikocyuw's Antique Armour Boutique.
 63819 | Elf:2    | Found Cuceat's Antique Weapon Emporium.
 63890 | Elf:2    | Identified the +6 falchion "Igoicies" {flame, Stlth+}
 64028 | Elf:2    | Found Finack's Jewellery Shoppe.
 64115 | Elf:2    | Found a white marble altar of Elyvilon.
 64326 | Abyss:3  | Cast into level 3 of the Abyss (+1 glaive of distortion)
 64564 | Elf:2    | Escaped the Abyss
 65257 | Elf:2    | Reached skill level 24 in Ice Magic
 65421 | Elf:3    | Entered Level 3 of the Elven Halls
 65534 | Elf:3    | Found a magical portal.
 65539 | WizLab   | Entered Maxwell's Workshop
 65742 | WizLab   | Identified the ring "Moinev" {Fire rN+}
 66043 | WizLab   | Reached XP level 22. HP: 181/199 MP: 15/46
 66489 | WizLab   | Identified the amulet "Fyl Qoips" {Faith rC- rN+ Int+7}
 66533 | WizLab   | Identified the +5 glaive "Evitan" {elec, rElec rC++ rCorr
                  | Int-4}
 66770 | WizLab   | Identified the +4 leather armour "Muyhicre" {rF+}
 66844 | WizLab   | Identified the ring "Gifoos" {Fire rElec rN+}
 66936 | Elf:3    | Noticed Roxanne
 66941 | Elf:3    | Killed Roxanne
 67244 | Elf:3    | Found a radiant altar of Vehumet.
 67417 | Elf:3    | Noticed Bai Suzhen
 67427 | Elf:3    | Killed Bai Suzhen
 67666 | Elf:3    | Got the Incunable of the Lungs
 68096 | Elf:3    | Identified the +1 glaive of Change {freeze, +Blink}
 68174 | Elf:3    | Identified the ring "Bypraceah" {EV+5 Str+5}
 68295 | Elf:3    | Identified the +8 chain mail of Wu Jian's Displeasure
                  | {rCorr MP+9 Str-5 SInv}
 68318 | Elf:3    | Noticed Mara
 68324 | Elf:3    | Killed Mara
 68403 | Elf:3    | Got the Vademecum on Illusion
 68412 | Elf:3    | Identified the +12 flail of Ad Valorem {elec, ^Fragile Fly
                  | rN+ SInv}
 68460 | Elf:3    | Identified the +6 long sword of the Egg {protect, rElec
                  | rPois Str+3}
 68467 | Elf:3    | Got the Verses on Venomous Heat
 68610 | Elf:3    | Found Zampyj's Book Shop.
 68611 | Elf:3    | Found Boomedeg's Jewellery Emporium.
 68611 | Elf:3    | Found Zoibruf's Jewellery Emporium.
 68635 | Elf:3    | Bought a book of Battle for 390 gold pieces
 68643 | Elf:3    | Learned a level 3 spell: Ozocubu's Armour
 69025 | Depths:4 | Voluntarily entered the Abyss.
 69311 | Abyss:3  | Found a corrupted altar of Lugonu.
 69462 | Depths:4 | Escaped the Abyss
 69787 | Depths:4 | Voluntarily entered the Abyss.
 69804 | Abyss:3  | Reached skill level 10 in Earth Magic
 69923 | Abyss:3  | Found a corrupted altar of Lugonu.
 69992 | Abyss:3  | Found a corrupted altar of Lugonu.
 69995 | Abyss:3  | Paralysed by accursed screaming for 1 turns
 70059 | Abyss:3  | Found a corrupted altar of Lugonu.
 70068 | Abyss:3  | Found a corrupted altar of Lugonu.
 70072 | Depths:4 | Escaped the Abyss
 70350 | Depths:4 | Voluntarily entered the Abyss.
 70512 | Abyss:3  | Reached XP level 23. HP: 209/209 MP: 41/48
 70635 | Abyss:3  | HP: 4/209 [burnt (12)]
 70644 | Abyss:3  | HP: 9/209 [brain worm/psychic fangs (12)]
 70648 | Abyss:3  | Found a corrupted altar of Lugonu.
 70713 | Abyss:3  | Gained mutation: Your tail ends in a venomous barb.
                  | [mutagenic glow]
 70723 | Depths:4 | Escaped the Abyss
 71055 | Depths:4 | Voluntarily entered the Abyss.
 71268 | Abyss:3  | Killed from afar by a red draconian scorcher

Illustrated notes

Levels and vault maps discovered:
D:1:      dpeg_arrival_rooms_b, layout_rooms, shapermc_ecumenical_altar_gd,
          corexii_leaking_fountain
D:2:      kennysheep_big_flooded_room, layout_basic, serial_shops, shop,
          basic_altar
D:3:      minmay_razor_zed, layout_basic, general_overflow_altar,
          minmay_misc_feat_hallway, ebering_dispersal_statue_hall, uniq_jessica
D:4:      minmay_evil_eye, layout_basic, eino_tiny_chamber, nrook_campfire
D:5:      layout_rooms, jmf_multi_god_temple2, gup_sewer_entry_spiral,
          serial_rivers, chequers_serial_rivers_large_a,
          chequers_serial_rivers_large_b, chequers_serial_rivers_micro_d,
          chequers_serial_rivers_small_3, chequers_serial_rivers_small_b,
          chequers_serial_rivers_micro_a, serial_shops, nicolae_shop_crystal,
          shop, shop
D:6:      layout_cave_pools, nicolae_qazlal_style_of_elements,
          gammafunk_ghost_nasty_kobolds, uniq_jeremiah
D:7:      layout_loops_corners, mainiacjoe_overflow_24_doors,
          mainiacjoe_overflow_alcove_1, amcnicky_altar_gilded, temple_doors_e
D:8:      layout_loops_ring, lemuel_crystal_altar, kennysheep_little_box,
          serial_shops, nicolae_shop_bloodbath_and_beyond, wad_mini_maze,
          uniq_maggie
D:9:      layout_rooms, enter_bailey_5
D:10:     layout_basic, lemuel_round_altar, mainiacjoe_overflow_six_doors_small,
          erik_lair_dragon, enter_trove_2, uniq_josephine
D:11:     layout_gridville, minmay_orc_entry_temple_small,
          portal_ice_cave_demonic_guard, serial_bayou_pond_d, uniq_nergalle,
          uniq_harold, uniq_snorg, uniq_lodul
D:12:     kennysheep_blocky_hall, layout_grid_maze, uniq_erolcha
D:13:     layout_roguey, skrybe_vaults_entry_preservation
D:14:     layout_irregular_city, lemuel_doored_altar, minivault_16
D:15:     gammafunk_enter_depths_forms, layout_rooms, dk_noncrumbling_3,
          serial_curves, eino_curves_01, eino_curves_04, grunt_decor_resistance
Temple:   jpeg_temple_clearing
Lair:1:   layout_regular_city, nicolae_lair_lindhole
Lair:2:   layout_layer_cave, minmay_shoals_entry_lonely_mermaid,
          spider_nest_entry_webs, nicolae_lair_liquid_snakes
Lair:3:   layout_chaotic_city, eino_small_chamber_without_monster,
          serial_bayou_crossing, serial_bayou_shore_b
Lair:4:   nzn_winding_woodlands_small [nzn_winding_woodlands_5x15_default,
          nzn_winding_woodlands_center_diamonds,
          nzn_winding_woodlands_5x15_sidewinder], layout_regular_city,
          minmay_shattered_shrine, uniq_rupert
Lair:5:   guppyfry_lair_end_dragon, layout_cave_pods, hangedman_lair_in_review,
          minmay_slime_entry_oklob_enclosed, dpeg_oklob_1, lemuel_fruit_tree,
          uniq_urug
Shoals:1: layout_shoals, st_sunken_huts
Shoals:2: layout_shoals
Shoals:3: cheibrodos_shoals_roost, layout_shoals, uniq_donald
Shoals:4: shoals_end_hellmonk_holy_island
Spider:1: layout_spider_delve, uniq_louise
Spider:2: layout_spider_delve, hangedman_spider_trapstep
Spider:3: layout_spider_delve, nicolae_spider_bug_shape
Spider:4: grunt_spider_rune_circles
Orc:1:    layout_diamond_mine, basic_altar, nicolae_orc_tapped_out
Orc:2:    kennysheep_orc_mage_school, layout_caves, gauntlet_entry_generic,
          elf_legates
Elf:1:    eino_elf_arrival_sip, layout_rooms, serial_shops,
          nicolae_shop_peninsula, kennysheep_underground_church, st_stairs_9,
          nicolae_shop_overcharged_wands
Elf:2:    nicolae_elf_blades_crystal_corner, layout_geoelf_diagonals,
          portal_desolation_entry_holy_temple, minivault_20, st_stairs_7,
          nicolae_wooded_promenade
Elf:3:    elf_hall, layout_geoelf_diagonals, mu_enter_wizlab_2,
          david_defended_altar_elf, minmay_shop_grove, uniq_roxanne,
          uniq_bai_suzhen, uniq_mara
Depths:1: layout_basic, hellmouth_2, serial_shops, shop,
          nicolae_elyvilon_peaceful_grove, serial_bayou_lake_a
Depths:2: minmay_crescents, layout_cave_pools, enter_ziggurat_e,
          pf_hell_entry_tar_spiral, pan_entry, hangedman_abyss_entry_splay,
          grunt_dithmenos_smoke, hallowed_hall
Depths:3: minmay_shoctagon, layout_basic, nicolae_sif_muna_condensation,
          hangedman_geh_valley, abyss_entry_small_statue_room
Depths:4: grunt_zot_entry_alcove, layout_gridlike, serial_shops,
          nicolae_book_shop_shelving, nicolae_shop_rolling_square,
          nicolae_shop_waterfront, hell_entry, abyss_entry_flame_altar,
          hangedman_decor_lopped, nicolae_shop_fire_sale
          [nicolae_sub_dead_trees], kennysheep_random_hallway, uniq_margery
Abyss:3:  base: D:5, hangedman_abyss_exit_choices, base: D:10, base: Elf:3,
          base: Depths:3, evilmike_abyss_exit_16, abyss_furniture_001, base:
          Lair:1, hangedman_abyss_or_decor_passed

Skill      XL: |  1  2  3  4  5  6  7  8  9 10 11 12 13 14 15 16 17 18 19 20 21 22 23 |
---------------+----------------------------------------------------------------------+-----
Dodging        | 2 3 4 5 8 11 12 13 14 | 14.9
Stealth        | 2 3 |  3.0
Fighting       | 1 2 3 4 6 7 9 10 12 14 15 16 17 18 | 18.0
Spellcasting   | 3 4 6 7 9 10 12 13 15 16 18 19 20 21 | 21.0
Conjurations   | 5 6 7 9 10 12 13 14 15 16 17 18 | 18.0
Ice Magic      | 6 14 18 20 22 23 24 | 24.0
Earth Magic    | 4 7 10 11 | 11.8

Action                     |  1- 3 |  4- 6 |  7- 9 | 10-12 | 13-15 | 16-18 | 19-21 | 22-24 || total
---------------------------+-------+-------+-------+-------+-------+-------+-------+-------++-------
  Melee: Unarmed           |    15 |       |     2 |       |       |       |       |       ||    17
         Dagger            |    19 |       |       |       |       |       |       |       ||    19
         Short sword       |     3 |    52 |    19 |       |       |       |       |       ||    74
         Tailslap          |     2 |     6 |     7 |    12 |    26 |     2 |     2 |    19 ||    76
         Rapier            |       |       |     2 |       |       |       |       |       ||     2
         Mace              |       |       |       |    64 |   161 |    17 |    30 |    41 ||   313
         Punch             |       |       |       |       |     1 |       |       |       ||     1
         Eveningstar       |       |       |       |       |       |       |       |    26 ||    26
  Throw: Dart              |       |       |     1 |     5 |     2 |       |     1 |       ||     9
         Throwing net      |       |       |       |       |       |     1 |       |       ||     1
   Cast: Magic Dart        |    85 |   158 |   190 |    15 |     6 |       |       |       ||   454
         Searing Ray       |       |     2 |    54 |    20 |       |       |       |       ||    76
         Fireball          |       |       |       |    61 |   415 |   161 |     1 |     1 ||   639
         Irradiate         |       |       |       |     8 |    50 |    14 |    17 |     4 ||    93
         Fulminant Prism   |       |       |       |     4 |    16 |     1 |       |       ||    21
         Iskenderun's Myst |       |       |       |     2 |    48 |    30 |    12 |    18 ||   110
         Sublimation of Bl |       |       |       |       |    56 |     9 |    12 |    22 ||    99
         Freezing Cloud    |       |       |       |       |    28 |     7 |     3 |       ||    38
         Ozocubu's Refrige |       |       |       |       |       |   481 |   498 |   154 ||  1133
         Bombard           |       |       |       |       |       |    14 |   133 |    52 ||   199
         Hailstorm         |       |       |       |       |       |     4 |       |       ||     4
         Polar Vortex      |       |       |       |       |       |       |    34 |    36 ||    70
         Blink             |       |       |       |       |       |       |     1 |       ||     1
         Lehudib's Crystal |       |       |       |       |       |       |       |    50 ||    50
         Ozocubu's Armour  |       |       |       |       |       |       |       |     3 ||     3
Ability: Breathe Frost     |       |       |     3 |     7 |    48 |    13 |    14 |    16 ||   101
  Evoke: Lightning rod     |       |       |       |       |       |     3 |       |       ||     3
         Wand              |       |       |       |       |       |       |     4 |       ||     4
    Use: Scroll            |       |     8 |     1 |    16 |     9 |    10 |     8 |     3 ||    55
         Potion            |       |       |     1 |     2 |     6 |     4 |     5 |    19 ||    37
   Stab: Sleeping          |     1 |       |       |       |       |       |       |     1 ||     2
 Armour: Skin              |    44 |    74 |   139 |   123 |   360 |   212 |   304 |   231 ||  1487
  Dodge: Dodged            |    44 |    91 |   154 |   153 |   379 |    98 |   142 |   175 ||  1236
  Block: Other             |       |       |       |       |       |    22 |     5 |       ||    27
         Reflection        |       |       |       |       |       |     2 |       |       ||     2
